 Dungeon Crawl Stone Soup version 0.27-a0-1193-g8631133539 (webtiles) character file.

Game seed: 4186328460563377180

1952 EldarEldrad the Cleaver (level 8, -1/68 HPs)
             Began as a Minotaur Berserker on May 25, 2021.
             Was an Elder of Trog.
             Slain by an orc
             ... wielding a +0 morningstar
              (3 damage)
             ... on level 7 of the Dungeon.
             The game lasted 00:25:05 (7479 turns).

EldarEldrad the Cleaver (Minotaur Berserker)        Turns: 7479, Time: 00:25:06

Health: -1/68      AC:  9    Str: 23    XL:     8   Next: 99%
Magic:  7/7        EV: 12    Int: 10    God:    Trog [****..]
Gold:   52         SH:  0    Dex: 11    Spells: 7/7 levels left

rFire    . . .     SeeInvis .   a - +0 hand axe
rCold    . . .     Faith    .   (no shield)
rNeg     . . .     Spirit   .   c - +0 ring mail
rPois    .         Reflect  .   (helmet restricted)
rElec    .         Harm     .   r - +0 cloak
rCorr    .         Rampage  .   o - +0 pair of gloves
Will     .....                  (no boots)
Stlth    ..........             w - amulet of the acrobat
HPRegen  0.21/turn              v - +6 ring of intelligence
MPRegen  0.10/turn              (no ring)

@: confused
A: horns 2, retaliatory headbutt
a: Renounce Religion, Berserk, Trog's Hand, Brothers in Arms


You were on level 7 of the Dungeon.
You worshipped Trog.
Trog was greatly pleased with you.
You visited 1 branch of the dungeon, and saw 7 of its levels.

You collected 320 gold pieces.
You spent 268 gold pieces at shops.

Inventory:

Hand Weapons
 a - a +0 hand axe (weapon)
 b - a +0 mace
 t - a +0 war axe
Missiles
 n - 10 poisoned darts (quivered)
Armour
 c - a +0 ring mail (worn)
 g - a +0 chain mail
 k - a +0 scale mail
 o - a +0 pair of gloves (worn)
 r - a +0 cloak (worn)
Jewellery
 v - a +6 ring of intelligence (left hand)
 w - an amulet of the acrobat (around neck)
Wands
 m - a wand of polymorph (11)
Scrolls
 e - 4 scrolls of noise
 f - 3 scrolls of enchant weapon
 i - a scroll of holy word
 j - 5 scrolls of teleportation
 p - a scroll of fear
 q - a scroll of immolation
 u - 2 scrolls of identify
Potions
 d - 2 potions of attraction
 h - 6 potions of haste
 l - 2 potions of curing
 s - a potion of mutation
 x - a potion of berserk rage


   Skills:
 - Level 5.0 Fighting
 * Level 10.6 Axes
 + Level 7.9 Armour
 - Level 5.0 Dodging


You had 7 spell levels left.
You didn't know any spells.
Your spell library was empty.

Dungeon Overview and Level Annotations

Branches:
Dungeon (7/15)
 Temple: D:4-7

Altars:
Cheibriados
Hepliaklqana
Okawaru
Ru
Xom
Zin

Shops:
D:2 ?

Annotations:
D:4 digging gold
D:5 1 runed translucent door, Crazy Yiuf
D:6 exclusion: oklob plant


Innate Abilities, Weirdness & Mutations

You have a pair of horns on your head.
You reflexively headbutt those who attack you in melee.


Message History

You headbutt the orc warrior, but do no damage.
The orc warrior is lightly wounded.
You hit something. You closely miss something. Your headbutt misses something.
You hit the orc warrior but do no damage.
Something hits you but does no damage.
The orc warrior hits you with a +0 mace!
The orc warrior closely misses you.
You hear some strange, mumbled words.
A puff of flame appears from out of thin air!
The puff of flame hits you but does no damage.
You closely miss the orc warrior.
You headbutt the orc warrior, but do no damage.
The orc warrior is lightly wounded.
The orc warrior closely misses you.
A magic dart appears from out of thin air!
The magic dart hits you!
The orc warrior hits you with a +0 mace.
You hit the orc warrior. Your headbutt misses the orc warrior.
The orc warrior is moderately wounded.
The orc warrior hits you with a +0 mace!
You hear some strange, mumbled words.
You are more confused.
An orc comes into view. It is wielding a +0 morningstar.
The orc shouts!
The orc warrior misses you.
You are too confused!
You're too confused to move!
The orc warrior hits you with a +0 mace!
* * * LOW HITPOINT WARNING * * *
You hear some strange, mumbled words.
A magic dart appears from out of thin air!
The magic dart hits you!
* * * LOW HITPOINT WARNING * * *
The orc warrior completely misses you. The orc completely misses you.
You hear some strange, mumbled words.
Something tries to affect you, but you resist.
The orc completely misses you.
You bump into the rock wall.
The orc hits you with a +0 morningstar.
You die...

##.....## #.###.#
##.......## #.#...#
#.........###....####
+.........'..........
...
#...(.....###....####
#.# ##.......##
#.^o..... ..#
##.....## ####.####
... ####.o.## .# #.#
#...@o.# o #.#
#.###..# . #.#
#.###..###### o#
###.### #.##.........
#<....# #.##...######
#.#.#.###.#.....#
#.#............##
#.###.###..(...#
#.....# #####.##


You could see an orc warrior and an orc.

Vanquished Creatures
  Grinder (D:4)
  Edmund (D:4)
  Duvessa (D:5)
  2 black bears
  A centaur (D:6)
  A kobold brigand (D:6)
  A wyvern zombie (D:7)
  2 scorpions (D:6)
  Dowan (D:5)
  2 water moccasin skeletons
  A howler monkey (D:6)
  A centaur zombie (D:6)
  A bullfrog zombie (D:6)
  2 hounds
  8 jellies
  An orc priest (D:4)
  A centaur skeleton (D:5)
  An iron imp (D:5)
  2 iguanas
  2 orc wizards
  9 gnolls
  A howler monkey skeleton (D:6)
  6 adders
  A shadow imp (D:5)
  3 adder skeletons (D:4)
  A dart slug (D:2)
  17 orcs
  7 ball pythons
  20 endoplasms
  2 giant cockroaches
  5 goblins
  6 hobgoblins
  4 quokkas
  9 bats
  6 frilled lizards
  12 kobolds
  2 rats
144 creatures vanquished.

Vanquished Creatures (others)
  11 fungi
11 creatures vanquished.

Grand Total: 155 creatures vanquished

Notes
Turn   | Place    | Note
-------+----------+-------------------------------------------
     0 | D:1      | EldarEldrad the Minotaur Berserker began the quest for the
                  | Orb.
     0 | D:1      | Reached XP level 1. HP: 19/19 MP: 0/0
   334 | D:1      | Reached XP level 2. HP: 27/27 MP: 1/1
   737 | D:1      | Reached skill level 4 in Axes
   984 | D:1      | Reached ** piety under Trog
  1025 | D:1      | Reached XP level 3. HP: 33/33 MP: 2/2
  1604 | D:2      | Found Miarid's Magic Scroll Boutique.
  1611 | D:2      | Bought a scroll of noise for 11 gold pieces
  1611 | D:2      | Bought a scroll of identify for 22 gold pieces
  1751 | D:2      | Reached XP level 4. HP: 35/41 MP: 3/3
  2381 | D:2      | Bought a scroll of teleportation for 33 gold pieces
  2425 | D:3      | Found a shimmering altar of Xom.
  2786 | D:3      | Found a faded altar of an unknown god.
  3202 | D:2      | Bought a scroll of identify for 22 gold pieces
  3202 | D:2      | Bought a scroll of amnesia for 38 gold pieces
  3202 | D:2      | Bought a scroll of immolation for 38 gold pieces
  3226 | D:4      | Noticed Edmund
  3240 | D:4      | Killed Edmund
  3241 | D:4      | Reached skill level 5 in Fighting
  3241 | D:4      | Reached skill level 5 in Axes
  3241 | D:4      | Reached XP level 5. HP: 48/48 MP: 4/4
  3538 | D:4      | Found a glowing silver altar of Zin.
  3589 | D:4      | Reached XP level 6. HP: 56/56 MP: 5/5
  3894 | D:4      | Noticed Grinder
  3917 | D:4      | Killed Grinder
  3918 | D:4      | Reached skill level 6 in Axes
  3918 | D:4      | Reached skill level 5 in Armour
  3918 | D:4      | Reached XP level 7. HP: 56/61 MP: 6/6
  4012 | D:4      | Reached *** piety under Trog
  4789 | D:5      | Entered Level 5 of the Dungeon
  4789 | D:5      | Found the +8 Vampire's Tooth {vamp}
  4808 | D:5      | Noticed Duvessa
  4835 | D:5      | Killed Duvessa
  4836 | D:5      | Reached skill level 7 in Axes
  4969 | D:5      | Found an iron altar of Okawaru.
  4969 | D:5      | Found a sacrificial altar of Ru.
  5052 | D:5      | Reached skill level 5 in Dodging
  5088 | D:5      | Noticed Dowan
  5112 | D:5      | Killed Dowan
  5466 | D:5      | Reached skill level 8 in Axes
  5714 | D:5      | Reached XP level 8. HP: 68/68 MP: 7/7
  5785 | D:5      | Found a snail-covered altar of Cheibriados.
  5894 | D:5      | Found a hazy altar of Hepliaklqana.
  6070 | D:5      | Found a runed translucent door.
  6071 | D:5      | Noticed Crazy Yiuf
  6185 | D:2      | Bought a scroll of identify for 22 gold pieces
  6185 | D:2      | Bought a scroll of holy word for 82 gold pieces
  6396 | D:6      | Reached skill level 9 in Axes
  6716 | D:6      | Reached **** piety under Trog
  6781 | D:6      | Noticed an oklob plant
  6795 | D:6      | Reached skill level 10 in Axes
  7475 | D:7      | HP: 1/68 [something/magic dart (9)]
  7479 | D:7      | Slain by an orc

Illustrated notes

Levels and vault maps discovered:
D:1:      erik_arrival_cave_to_civilisation [erik_arrival_cave_to_hall],
          layout_basic, minmay_tromino_i2
D:2:      layout_basic, serial_shops, shop
D:3:      kennysheep_six_static_rooms, layout_loops_cross,
          overflow_temple_1_default, shapermc_ecumenical_altar_mp_highgroup
D:4:      layout_layer_cave, zin_treasury, uniq_edmund, uniq_grinder
D:5:      layout_gridville, slow_altar_1, worldfamousw_hep_ancestral_shrine,
          gammafunk_temple_overflow_wave, uniq_crazy_yiuf_cottage, uniq_duvessa
D:6:      lemuel_slime, layout_rooms, serial_park_tiny_2
D:7:      layout_loops_corners, minmay_temple_entry_statues, uniq_harold,
          uniq_pikel

Skill      XL: |  1  2  3  4  5  6  7  8 |
---------------+-------------------------+-----
Axes           | 4 5 6 8 10 | 10.6
Fighting       | 4 5 |  5.0
Armour         | 3 4 5 6 7 |  7.9
Dodging        | 3 4 5 |  5.0

Action                   |  1- 3 |  4- 6 |  7- 9 || total
-------------------------+-------+-------+-------++-------
Melee: Hand axe          |    89 |    94 |   275 ||   458
       Headbutt          |    21 |    19 |    61 ||   101
Throw: Dart              |       |       |     1 ||     1
Invok: Berserk           |     1 |     1 |     1 ||     3
       Trog's Hand       |       |     2 |     2 ||     4
  Use: Scroll            |     1 |     3 |     5 ||     9
Armor: Animal skin       |     4 |       |       ||     4
       Ring mail         |    17 |    18 |    75 ||   110
Dodge: Dodged            |    43 |    50 |   138 ||   231

Table legend: (Time is in decaauts)
 A = Elapsed time spent in this place.
 B = Non-inter-level travel time spent in this place.
 C = Inter-level travel time spent in this place.
 D = Time resting spent in this place.
 E = Time spent auto-exploring this place.
 F = Levels seen in this place.
 G = Mean time per level.
                   A        B        C        D        E       F      G
               +--------+--------+--------+--------+--------+-----+--------+
         Total |   7484 |   7054 |    430 |   1278 |   4432 |   7 | 1069.1 |
       Dungeon |   7484 |   7054 |    430 |   1278 |   4432 |   7 | 1069.1 |
               +--------+--------+--------+--------+--------+-----+--------+

Top non-repeatable levels by time:
     D:4: 1906 daAuts
     D:1: 1508 daAuts
     D:5: 1105 daAuts
     D:6: 1071 daAuts
     D:2: 965 daAuts
     D:3: 812 daAuts
     D:7: 114 daAuts
